Zazza, neutral female human Tourist ---------------- .........<.....| ---------- |.......{......| #.........| |..............| ###|........| -------.--+---.- # ----.----- ## ### ## # # # # ### ### ### # # # # ###### ####### #-.--|-------- ##|...........| |....d:.....| |...@.......| |......b....| |.......f...| |...........| ------------- Zazza the Rambler Experience level: 1 Strength: 11 Dexterity: 12 Constitution: 14 Intelligence: 13 Wisdom: 8 Charisma: 18 Health: 0(19) Energy: 2(2) Def: 0 Gold: 335 Moves: 2805 Dungeon seed: hz6NE5jKSFpbs6IT Game ID: Zazza_1599782434 Your Inventory: Coins $ - 335 gold pieces Weapons a - 21 +2 darts z - a blessed +1 sling F - 6 cursed -1 darts Armor e - an uncursed +0 Hawaiian shirt y - a cursed -1 alchemy smock Comestibles c - 3 uncursed food rations d - 2 uncursed slime molds f - an uncursed banana G - an uncursed egg Scrolls j - 5 uncursed scrolls of magic mapping s - an uncursed scroll of scare monster t - 2 uncursed scrolls of identify v - a cursed scroll of enchant weapon w - a blessed scroll of confuse monster E - an uncursed scroll of enchant armor Spellbooks u - an uncursed spellbook of force bolt x - an uncursed spellbook of magic missile Potions B - an uncursed potion of gain energy Rings C - an uncursed ring of protection from shape changers Wands p - a wand of cancellation (0:5) Tools k - an expensive camera (0:51) l - an uncursed credit card n - a tinning kit (0:46) o - an uncursed magic lamp (lit) Gems q - an uncursed garnet stone r - an uncursed worthless piece of white glass D - an uncursed worthless piece of orange glass N - 2 uncursed worthless pieces of black glass Y - an uncursed jade stone Spells and supernatural/magical abilities: Name Level Category Fail Memory a - force bolt 1 attack 19% 90% m - magic missile 2 attack 100% 93% W - pray for help -- divine ? -- Your skills at the end: Fighting Skills Weapon Skills dart [Basic] Spellcasting Skills Final Attributes: You were nominally aligned. You were telepathic. You are dead. Vanquished creatures: 2 floating eyes a kitten a werejackal a coyote a hobbit 8 manes 3 giant rats a yellow mold 5 geckos 4 jackals a fox 2 kobolds a sewer rat 4 grid bugs 2 lichens 6 newts 43 creatures vanquished. Voluntary challenges: You never hit with a wielded weapon. You read items or engraved 7 times, starting on turn 635. You never genocided any monsters. You never polymorphed an object. You changed form 3 times, starting on turn 42. You used no wishes. You never split a pudding. You wrote Elbereth's name 2 times, starting on turn 2674. You never violated your personal moral code. Dungeon overview: The Dungeons of Doom: levels 1 to 6 Level 1 some fountains a long staircase Level 2 a sink a long staircase Level 3 Level 4 a scroll shop Level 5 a fountain Level 6 <- You were here a fountain History has recorded: On T:1 you entered the Dungeons of Doom to retrieve the Amulet of Yendor! On T:423 you reached level 2 of The Dungeons of Doom. On T:749 you reached level 3 of The Dungeons of Doom. On T:1088 you reached level 4 of The Dungeons of Doom. On T:1465 you reached level 5 of The Dungeons of Doom. On T:2711 you reached level 6 of The Dungeons of Doom. Score breakdown: Gold: 329 ( 8567 points) Experience: 1 level ( 0 points) Exploration: 6 levels ( 12.77%) ( 9890 points) Discoveries: 3 items ( 1.01%) ( 3010 points) Valuables value: (no points given unless you survive) Artifact value: 0 ( 0 points) Variety of kills: 16 monsters ( 4.20%) ( 6147 points) Turncount: 2805 turns ( -500 points) Survival: died (score multiplied by 80%) Total score: 21691 Latest messages: The door resists! The coyote bites! The door resists! The coyote bites! The door resists! The coyote bites! You write in the dust with your fingers. The coyote turns to flee! The door opens. You hear some noises in the distance. Armand misses the coyote. (3x) Armand bites the coyote. The coyote bites Armand. The coyote bites! You stop. Armand is in the way! The coyote bites! (2x) You displace Armand. The iguana bites! You write in the dust with your fingers. The coyote bites! You die... Final status: Aloha Zazza the Tourist, killed by a coyote... You died in The Dungeons of Doom on dungeon level 6 with 21691 points, and 335 pieces of gold, after 2805 moves. You were level 1 with a maximum of 19 hit points when you died.